 Dungeon Crawl Stone Soup version 0.28-a0-983-g1de4e0787c (webtiles) character file.

Game seed: 13525055898310888273

77 AmazingEquinox the Skirmisher (level 4, -5/40 HPs)
             Began as a Hill Orc Fighter on Dec 2, 2021.
             Killed by divine providence
             ... invoked by an orc priest
              (10 damage)
             ... on level 3 of the Dungeon.
             The game lasted 00:06:37 (2394 turns).

AmazingEquinox the Skirmisher (Hill Orc Fighter)    Turns: 2394, Time: 00:06:37

Health: -5/40      AC:  7    Str: 18    XL:     4   Next: 33%
Magic:  4/4        EV:  9    Int:  8    God:
Gold:   135        SH:  4    Dex: 12    Spells: 3/3 levels left

rFire   . . .      SeeInvis .   i - +0 broad axe
rCold   . . .      Faith    .   c - +0 buckler
rNeg    . . .      Spirit   .   b - +0 scale mail
rPois   .          Reflect  .   (no helmet)
rElec   .          Harm     .   (no cloak)
rCorr   .          Rampage  .   (no gloves)
Will    .....                   (no boots)
Stlth   ..........              (no amulet)
HPRegen 0.13/turn               (no ring)
MPRegen 0.09/turn               (no ring)

@: no status effects
A: no striking features
a: Convert to Beogh


You were on level 3 of the Dungeon.
You visited 1 branch of the dungeon, and saw 3 of its levels.

You collected 135 gold pieces.

Inventory:

Hand Weapons
 i - a +0 broad axe (weapon)
Armour
 b - a +0 scale mail (worn)
 c - a +0 buckler (worn)
Scrolls
 e - 3 scrolls of identify {unknown}
 f - a scroll of acquirement {unknown}
 j - a scroll of amnesia {unknown}
Potions
 a - 2 potions of attraction {unknown}
 d - a potion of might
 g - a potion of heal wounds {unknown}
 h - a potion of mutation {unknown}


   Skills:
 + Level 4.3 Fighting
 + Level 3.7 Axes
 + Level 3.7 Armour
 + Level 0.9 Dodging
 + Level 3.6 Shields
 * Level 0.2 Spellcasting


You had 3 spell levels left.
You didn't know any spells.
Your spell library contained the following spells:

 Spells                   Type           Power      Damage    Failure   Level
 Pain                     Necr           0%         1d4       80%         1
 Ozocubu's Armour         Ice            0%         N/A       99%         3
 Agony                    Necr           0%         N/A       100%        5
 Excruciating Wounds      Necr           0%         N/A       100%        5
 Ozocubu's Refrigeration  Ice            0%         4d5       100%        7


Dungeon Overview and Level Annotations

Branches:
Dungeon (3/15)

Altars:


Message History

Found 13 gold pieces.
The orc priest threatens, "By the altar or by the axe, you will meet Beogh!" (press Y on the ability menu to convert to Beogh)
The orc priest shouts!
You hear a shout! x2
Okay, then.
The orc priest calls down the wrath of Beogh upon you.
Beogh smites you!
You hear a shout!
You hear an angry hiss.
An orc comes into view. It is wielding a +0 flail.
The orc shouts!
There is an escape hatch in the floor here.
A kobold comes into view. It is wielding a +0 short sword. x2
You closely miss the orc priest.
The orc priest threatens, "By the altar or by the axe, you will meet Beogh!"
The orc priest shouts, "Beogh is our master!
Accept the truth or die!"
The orc priest barely misses you.
An adder comes into view.
You hit the orc priest but do no damage.
An orc comes into view. It is wielding a +0 mace.
The orc priest hits you with a +0 falchion.
An orc comes into view. It is wielding a +0 short sword.
The orc priest barely misses you.
The orc moves out of view.
Your scale mail prevents you from hitting the orc priest.
You completely miss the orc.
The orc shouts!
An endoplasm comes into view.
The orc priest calls down the wrath of Beogh upon you.
Beogh smites you! The orc hits you with a +0 flail.
There is an escape hatch in the floor here.
You barely miss the orc priest. You hit the orc.
The orc priest invokes the aid of Beogh against you.
You barely resist. The orc hits you but does no damage.
The orc priest invokes the aid of Beogh against you.
Pain shoots through your body!
* * * LOW HITPOINT WARNING * * *
Unknown command.
The kobold hits you but does no damage.
The orc priest mumbles some strange prayers to Beogh against you.
Beogh smites you!
You die...

P#. ########### #..
#.......... #...
#..........
#...#########..........
≈#.P........##..........
#P.......S..''..........
#.PP....Ko@.##..........
#......o>...##..........#
..$PoJ.Ko...##..........#
....##########..........#
... #..........# .
#..........# #.......<..#
+..........# #..........#


You could see an orc priest, an adder, 3 orcs, an endoplasm and 2 kobolds.

Vanquished Creatures
  2 adders (D:2)
  A dart slug (D:1)
  An orc (D:2)
  8 ball pythons
  3 endoplasms
  4 giant cockroaches
  4 goblins
  6 hobgoblins
  4 kobolds
  3 quokkas (D:1)
  8 bats
  4 frilled lizards
  A rat (D:2)
49 creatures vanquished.

Notes
Turn   | Place    | Note
-------+----------+-------------------------------------------
     0 | D:1      | AmazingEquinox the Hill Orc Fighter began the quest for the
                  | Orb.
     0 | D:1      | Reached XP level 1. HP: 19/19 MP: 1/1
   232 | D:1      | Reached XP level 2. HP: 27/27 MP: 2/2
   260 | D:1      | Reached skill level 4 in Fighting
   671 | D:1      | Reached XP level 3. HP: 20/33 MP: 3/3
  1683 | D:2      | Reached XP level 4. HP: 12/40 MP: 4/4
  2394 | D:3      | Killed from afar by an orc priest

Illustrated notes

Levels and vault maps discovered:
D:1:      onia_arrival_mini_maze_b, layout_loops_ring, serial_forest,
          infiniplex_forest_clump_small, infiniplex_forest_lined_corner,
          infiniplex_forest_end_1, infiniplex_forest_corner_1,
          infiniplex_forest_corner_1, infiniplex_forest_pool
D:2:      minmay_wonky_spiral, layout_rooms, minmay_heptomino_o4
D:3:      layout_basic, shapermc_ecumenical_altar_mp_ritualfount

Skill      XL: |  1  2 |
---------------+-------+-----
Axes           | 3 |  3.7
Fighting       | 4 |  4.3
Armour         | |  3.7
Dodging        | |  0.9
Shields        | |  3.6
Spellcasting   | |  0.2

Action                   |  1- 3 |  4- 6 || total
-------------------------+-------+-------++-------
Melee: War axe           |   118 |     2 ||   120
       Broad axe         |       |    22 ||    22
Armor: Scale mail        |    95 |     9 ||   104
Dodge: Dodged            |    96 |    10 ||   106
Block: Buckler           |    52 |     4 ||    56

Table legend: (Time is in decaauts)
 A = Elapsed time spent in this place.
 B = Non-inter-level travel time spent in this place.
 C = Inter-level travel time spent in this place.
 D = Time resting spent in this place.
 E = Time spent auto-exploring this place.
 F = Levels seen in this place.
 G = Mean time per level.
                   A        B        C        D        E       F      G
               +--------+--------+--------+--------+--------+-----+--------+
         Total |   2443 |   2394 |     49 |      0 |   1811 |   3 |  814.3 |
       Dungeon |   2443 |   2394 |     49 |      0 |   1811 |   3 |  814.3 |
               +--------+--------+--------+--------+--------+-----+--------+

Top non-repeatable levels by time:
     D:1: 1457 daAuts
     D:2: 930 daAuts
     D:3: 55 daAuts
